 Dungeon Crawl Stone Soup version 0.29.1-2-gbd0b4ee654 (webtiles) character file.

Game seed: 17668684214560439587

402 leafyfresh the Digger (level 6, -2/32 HPs)
             Began as a Gargoyle Earth Elementalist on Nov 7, 2022.
             Was an Initiate of Vehumet.
             Slain by a wyvern (11 damage)
             ... on level 5 of the Dungeon.
             The game lasted 00:14:27 (6341 turns).

leafyfresh the Digger (Gargoyle Earth Elementalist) Turns: 6341, Time: 00:14:28

Health: -2/32      AC:  6    Str: 18    XL:     6   Next: 85%
Magic:  0/9        EV: 15    Int: 17    God:    Vehumet [......]
Gold:   249        SH:  0    Dex: 10    Spells: 3/9 levels left

rFire   . . .      SeeInvis .   (no weapon)
rCold   . . .      Faith    .   (no shield)
rNeg    + . .      Spirit   .   a - +0 robe
rPois   ∞          Reflect  .   (no helmet)
rElec   +          Harm     .   w - scarf {+Inv}
rCorr   .          Rampage  .   (no gloves)
Will    .....                   (no boots)
Stlth   ++........              (no amulet)
HPRegen 0.10/turn               p - +6 ring of strength
MPRegen 0.11/turn               y - +4 ring of evasion

@: about to teleport
A: sickness immunity, AC +4, negative energy resistance 1, electricity
resistance, torment resistance 1, petrification resistance
a: Renounce Religion, Evoke Invisibility


You were on level 5 of the Dungeon.
You worshipped Vehumet.
Vehumet was noncommittal.
You visited 2 branches of the dungeon, and saw 7 of its levels.

You collected 249 gold pieces.

Inventory:

Armour
 a - a +0 robe (worn)
 w - a scarf of invisibility (worn)
Jewellery
 p - a +6 ring of strength (left hand)
 q - a ring of flight
 y - a +4 ring of evasion (right hand)
Wands
 n - a wand of mindburst (15)
 x - a wand of quicksilver (9)
Scrolls
 c - 2 scrolls of blinking
 g - a scroll of fog {unknown}
 h - a scroll of vulnerability {unknown}
 k - 4 scrolls of teleportation
 m - 2 scrolls of amnesia
 s - a scroll of enchant armour {unknown}
Potions
 b - 2 potions of magic
 d - 2 potions of mutation
 e - a potion of brilliance {unknown}
 f - a potion of resistance {unknown}
 i - a potion of might {unknown}
 j - a potion of flight {unknown}
 l - 2 potions of curing
 o - a potion of lignification {unknown}
 t - a potion of ambrosia {unknown}
 v - a potion of berserk rage {unknown}


   Skills:
 - Level 0.9 Armour
 - Level 1.5 Dodging
 + Level 2.5 Stealth
 + Level 2.0 Spellcasting
 + Level 3.9 Conjurations
 - Level 0.7 Transmutations
 + Level 7.4 Earth Magic


You had 3 spell levels left.
You knew the following spells:

 Your Spells              Type           Power      Damage    Failure   Level
a - Sandblast             Erth           54%        2d13      1%          1
b - Stone Arrow           Conj/Erth      42%        3d9       5%          3
c - Passwall              Tmut/Erth      12%        N/A       5%          2

Your spell library contained the following spells:

 Spells                   Type           Power      Damage    Failure   Level
 Gell's Gravitas          Tloc           1%         N/A       50%         3
 Lesser Beckoning         Tloc           1%         N/A       50%         3
 Teleport Other           Tloc           1%         N/A       50%         3
 Petrify                  Tmut/Erth      15%        N/A       34%         4
 Summon Forest            Summ/Tloc      0%         N/A       99%         5
 Eringya's Noxious Bog    Tmut/Pois      1%         N/A       100%        6
 Summon Hydra             Summ           0%         N/A       100%        7


Dungeon Overview and Level Annotations

Branches:
Dungeon (6/15)             Temple (1/1) D:4

Altars:
Cheibriados
Dithmenos
Elyvilon
Fedhas
Gozag
Hepliaklqana
Kikubaaqudgha
Makhleb
Okawaru
Qazlal
Sif Muna
Uskayaw
Vehumet
Wu Jian
Xom
Yredelemnul
Zin

Shops:
D:2 :   D:4 [   D:5 ==*

Annotations:
D:1 2 transporters


Innate Abilities, Weirdness & Mutations

You are immune to sickness and miasma.
Your stone body is resilient. (AC +4)
You are immune to poison.
You resist negative energy. (rN+)
You are resistant to electric shocks. (rElec)
You are resistant to unholy torment.
You are immune to petrification.


Message History

There is a stone staircase leading down here.
You climb downwards.
The wyvern closely misses you. x2
There is a stone staircase leading up here.
Casting: Stone Arrow (dangerous; 5% risk of failure)
Confirm with . or Enter, or press ? or * to list all spells.
Aiming: Stone Arrow (dangerous; 5% risk of failure)
Press: ? - help, Shift-Dir - straight line, f - wyvern
Aim: a wyvern (71% to hit)
The stone arrow misses the wyvern.
The wyvern barely misses you. The wyvern closely misses you.
Casting: Stone Arrow (dangerous; 5% risk of failure)
Confirm with . or Enter, or press ? or * to list all spells.
Aiming: Stone Arrow (dangerous; 5% risk of failure)
Press: ? - help, Shift-Dir - straight line, f/p - wyvern
Aim: a wyvern (71% to hit)
The stone arrow misses the wyvern.
The wyvern barely misses you.
Casting: Stone Arrow (dangerous; 5% risk of failure)
Confirm with . or Enter, or press ? or * to list all spells.
Aiming: Stone Arrow (dangerous; 5% risk of failure)
Press: ? - help, Shift-Dir - straight line, f/p - wyvern
Aim: a wyvern (71% to hit)
The stone arrow hits the wyvern!
The wyvern is heavily wounded.
The wyvern bites you! The wyvern barely misses you.
Casting: Stone Arrow (dangerous; 5% risk of failure)
Confirm with . or Enter, or press ? or * to list all spells.
You don't have enough magic to cast this spell.
Casting: Stone Arrow (dangerous; 5% risk of failure)
Confirm with . or Enter, or press ? or * to list all spells.
You don't know that spell.
Unknown command.
Unknown command.
The wyvern bites you but does no damage.
You climb upwards.
There is a stone staircase leading down here.
As you read the scroll of teleportation, it crumbles to dust.
You feel strangely unstable. The wyvern misses you. The wyvern bites you!
* * * LOW HITPOINT WARNING * * *
The wyvern attacks as you move away! The wyvern bites you!
You die...

#.#.(∩.....###.####..... #####
#.#.........##.# #..... ....#
#.#.........##.# #.....
###.######.#...#.....##.# #.....
# #..................##.####....#
##########)...##.....##.##.+....+
...............'.....'..##.#....#
#######.......##.l...#####.#.....
#.(.....+.@........#.......
#.......##..##.............
#.....#.......####.###...#.
#.....#.##..#.# #.........
#.....#.##..#.#########....
#.#####.##..#..............
#.....#.##..######.....####
#####.#.##..#......##......
#.#.###.........#...###


You could see a wyvern.

Vanquished Creatures
  2 scorpions (D:4)
  3 hounds (D:5)
  An iguana (D:5)
  An orc wizard (D:4)
  5 adders
  An adder skeleton (D:2)
  2 worms
  3 dart slugs
  2 orcs (D:4)
  6 ball pythons
  7 endoplasms
  4 giant cockroaches
  6 hobgoblins
  14 jackals
  5 kobolds
  A quokka (D:1)
  A ball python skeleton (D:2)
  A ball python zombie (D:2)
  4 bats
  4 frilled lizards
  7 goblins
  A jackal zombie (D:2)
  A quokka skeleton (D:2)
  4 rats (D:1)
86 creatures vanquished.

Vanquished Creatures (others)
  A jackal (D:4)
1 creature vanquished.

Grand Total: 87 creatures vanquished

Notes
Turn   | Place    | Note
-------+----------+-------------------------------------------
     0 | D:1      | leafyfresh the Gargoyle Earth Elementalist began the quest
                  | for the Orb.
     0 | D:1      | Reached XP level 1. HP: 10/10 MP: 3/3
   114 | D:1      | Reached skill level 4 in Earth Magic
   235 | D:1      | Found a faded altar of an unknown god.
   274 | D:1      | Reached XP level 2. HP: 13/15 MP: 5/5
  1226 | D:1      | Reached XP level 3. HP: 19/19 MP: 2/6
  1285 | D:1      | Reached skill level 5 in Earth Magic
  2034 | D:2      | Found Ceny Lya's Book Shop.
  2234 | D:2      | Reached XP level 4. HP: 24/24 MP: 5/7
  2330 | D:2      | Learned a level 3 spell: Stone Arrow
  2467 | D:2      | You fall into a shaft and drop 2 floors!
  3033 | D:3      | Reached skill level 6 in Earth Magic
  3521 | D:3      | Reached skill level 1 in Conjurations
  4562 | D:4      | Reached XP level 5. HP: 25/28 MP: 3/8
  5045 | D:4      | Found a staircase to the Ecumenical Temple.
  5058 | Temple   | Entered the Ecumenical Temple
  5068 | Temple   | Became a worshipper of Vehumet
  5114 | D:4      | Reached XP level 6. HP: 24/32 MP: 6/9
  5246 | D:4      | Reached skill level 7 in Earth Magic
  5401 | D:4      | Found Qoafa's Antique Armour Emporium.
  5478 | D:5      | Entered Level 5 of the Dungeon
  5482 | D:5      | Found Reirev's Jewellery Emporium.
  5630 | D:5      | Found Xeunaf's Jewellery Emporium.
  5776 | D:5      | Found Wagaigg's General Store.
  6232 | D:6      | Noticed a wyvern
  6321 | D:5      | Learned a level 2 spell: Passwall
  6341 | D:5      | Slain by a wyvern

Illustrated notes

Levels and vault maps discovered:
D:1:      spicycebolla_arrival_transporter_tutorial, layout_basic,
          ebering_ecumenical_altar_hall, minmay_hexomino_f4
D:2:      layout_loops_corners, serial_shops, shop, serial_undead,
          serial_undead_d, serial_undead_e, serial_undead_d, serial_undead_f,
          serial_undead_a, serial_undead_e
D:3:      layout_basic, kennysheep_nub
D:4:      layout_loops_ring, minmay_temple_entry_offerings, serial_shops,
          kennysheep_mini, palyth_stone_intersect, serial_bayou_pond_a,
          hex_large
D:5:      layout_basic, serial_shops, nicolae_stop_n_shop_1, shop,
          nicolae_shop_advertising_works [nicolae_subvault_shop_adworks],
          hangedman_abyss_or_decor_stabs
D:6:      layout_cave_pools, nemelex_diamond_rough_becter,
          mainiacjoe_overflow_six_doors_small, uniq_pikel, uniq_blork_the_orc,
          uniq_menkaure
Temple:   sentei_temple_godly_chess

Skill      XL: |  1  2  3  4  5  6 |
---------------+-------------------+-----
Earth Magic    | 4 5 6 7 |  7.4
Conjurations   | 1 3 |  3.9
Armour         | |  0.9
Dodging        | |  1.5
Stealth        | |  2.5
Spellcasting   | |  2.0
Transmutations | |  0.7

Action                   |  1- 3 |  4- 6 || total
-------------------------+-------+-------++-------
Melee: Unarmed           |    78 |   113 ||   191
       Punch             |     1 |     1 ||     2
 Cast: Sandblast         |    35 |    67 ||   102
       Stone Arrow       |       |     5 ||     5
  Use: Scroll            |       |     7 ||     7
 Stab: Sleeping          |     3 |       ||     3
Armor: Robe              |    28 |    57 ||    85
Dodge: Dodged            |    70 |   115 ||   185
